 Dungeon Crawl Stone Soup version 0.29.1-1-gd02db69 (webtiles) character file.

Game seed: 12191512944910517133

215886 mallonox the Hoplite (level 18, -7/253 HPs)
             Began as a Minotaur Berserker on Dec 22, 2022.
             Was a High Priest of Trog.
             Mangled by a wolf spider (12 damage)
             ... on level 4 of the Spider Nest.
             The game lasted 02:21:09 (42588 turns).

mallonox the Hoplite (Minotaur Berserker)          Turns: 42588, Time: 02:21:09

Health: -7/253     AC: 26    Str: 28    XL:     18   Next: 34%
Magic:  17/17      EV: 12    Int:  2    God:    Trog [*****.]
Gold:   1411       SH: 29    Dex: 14    Spells: 17/17 levels left

rFire   . . .      SeeInvis .   a - +9 sword of Zonguldrok {reap}
rCold   + + +      Faith    .   P - +2 tower shield {rPois}
rNeg    . . .      Spirit   .   i - +0 plate armour
rPois   +          Reflect  +   (helmet restricted)
rElec   +          Harm     .   t - +0 cloak {rCorr}
rCorr   +          Rampage  .   M - +3 pair of gloves of the Baker {Dex+3}
Will    ++++.                   p - +0 pair of boots
Stlth   ..........              C - amulet of the Devil's Advocate {Reflect rC+++ Regen+ Str-3 Slay-3 SH+5}
HPRegen 2.32/turn               u - ring of Juxis {rC+ Will+}
MPRegen 0.15/turn               b - ring of Fonat {Fly rElec Str+4 Int-4 Slay+4}

@: berserking (expiring), strong-willed (expiring), flying, regenerating
(expiring), studying Axes, very quick
A: horns 2, retaliatory headbutt
}: 1/15 runes: decaying
a: Renounce Religion, Berserk, Trog's Hand, Brothers in Arms


You were on level 4 of the Spider Nest.
You worshipped Trog.
Trog was extremely pleased with you.
You visited 5 branches of the dungeon, and saw 30 of its levels.
You also visited: Gauntlet and Ice Cave.

You collected 2291 gold pieces.
You spent 880 gold pieces at shops.

Inventory:

Hand Weapons
 a - the +9 sword of Zonguldrok (weapon) {reap}
   (You bought it in a shop on level 2 of the Orcish Mines)

   Any living foe damaged by it may be reanimated upon death as a zombie
   friendly to the wielder, with an increasing chance as more damage is dealt.
 T - the +2 Maxwell's thermic engine {flame, freeze}
   (You found it in an ice cave)

   It burns those it strikes, dealing additional fire damage.
   Big, fiery blades are also staple armaments of hydra-hunters.
   It freezes those it strikes, dealing additional cold damage.
   It can also slow down cold-blooded creatures.
   It becomes more effective when it hits something.
   This effect fades over time.
Missiles
 G - a throwing net (quivered)
Armour
 i - a +0 plate armour (worn)
 p - a +0 pair of boots (worn)
 t - a +0 cloak of preservation (worn)
 B - a +2 chain mail of cold resistance
 M - the +3 pair of gloves of the Baker (worn) {Dex+3}
   (You found it on level 1 of the Lair of Beasts)

   Dex:       It affects your dexterity (+3).
 N - the +2 cloak "Maonuu" {+Blink rN+}
   (You found it in a Gauntlet)

   rN:        It protects you from negative energy.
   +Blink:    It lets you blink.
 P - a +2 tower shield of poison resistance (worn)
 Q - a +0 buckler of positive energy
 R - the +1 cloak of the Abyss {rF+ Str+4 Dex+3}
   (You found it on level 1 of the Lair of Beasts)

   Str:       It affects your strength (+4).
   Dex:       It affects your dexterity (+3).
   rF:        It protects you from fire.
 S - the +0 ring mail of Baldness {Will+ Dex+4 SInv Stlth+}
   (You found it on level 3 of the Lair of Beasts)

   Dex:       It affects your dexterity (+4).
   SInv:      It lets you see invisible.
   Will:      It increases your willpower.
   Stlth:     It makes you more stealthy.
Jewellery
 b - the ring of Fonat (right hand) {Fly rElec Str+4 Int-4 Slay+4}
   (You found it on level 11 of the Dungeon)

   [ring of slaying]

   Str:       It affects your strength (+4).
   Int:       It affects your intelligence (-4).
   Slay:      It affects your accuracy & damage with ranged weapons and melee
   (+4).
   rElec:     It insulates you from electricity.
   Fly:       It grants you flight.
 r - a ring of fire
 u - the ring of Juxis (left hand) {rC+ Will+}
   (You found it on level 4 of the Dungeon)

   [ring of protection from cold]

   rC:        It protects you from cold.
   Will:      It increases your willpower.
 y - a ring of see invisible
 C - the amulet of the Devil's Advocate (around neck) {Reflect rC+++ Regen+ Str-3 Slay-3 SH+5}
   (You found it on level 1 of the Lair of Beasts)

   [amulet of reflection]

   It reflects blocked missile attacks.
   Str:       It affects your strength (-3).
   Slay:      It affects your accuracy & damage with ranged weapons and melee
   (-3).
   rC:        It renders you almost immune to cold.
   Regen:     It increases your rate of health regeneration.
   SH:        It affects your SH (+5).
 D - the ring "Yxusm" {rElec rN++ Str+6 Dex+4 Slay-4}
   (You found it on level 1 of the Lair of Beasts)

   [ring of strength]

   Str:       It affects your strength (+6).
   Dex:       It affects your dexterity (+4).
   Slay:      It affects your accuracy & damage with ranged weapons and melee
   (-4).
   rElec:     It insulates you from electricity.
   rN:        It greatly protects you from negative energy.
 I - a ring of protection from fire
 J - a ring of positive energy
 U - a +6 ring of strength
 X - a +4 ring of protection
 Z - a ring of positive energy
Scrolls
 d - 2 scrolls of vulnerability
 e - 6 scrolls of magic mapping
 f - 6 scrolls of immolation
 m - 5 scrolls of blinking
 n - 4 scrolls of poison
 q - 18 scrolls of teleportation
 s - 2 scrolls of acquirement
 v - 7 scrolls of enchant weapon
 x - 8 scrolls of butterflies
 z - 5 scrolls of enchant armour
 A - a scroll of torment {unknown}
 H - 6 scrolls of fear
 K - a scroll of silence {unknown}
 L - a scroll of brand weapon {unknown}
 V - a scroll of identify
 Y - a scroll of summoning {unknown}
Potions
 c - 11 potions of curing
 g - 5 potions of haste
 h - 2 potions of berserk rage
 j - 3 potions of cancellation
 k - 5 potions of lignification
 l - 8 potions of heal wounds
 o - 4 potions of ambrosia
 w - 12 potions of attraction
 E - a potion of resistance {unknown}
 F - 3 potions of might
 O - 4 potions of mutation
 W - a potion of invisibility {unknown}


   Skills:
 + Level 17.0 Fighting
 - Level 16.0 Long Blades
 - Level 15.8(16.0) Axes
 - Level 3.6(10.9) Polearms
 + Level 17.4 Armour
 + Level 10.9 Dodging
 + Level 21.2 Shields


You had 17 spell levels left.
You didn't know any spells.
Your spell library was empty.

Dungeon Overview and Level Annotations

Branches:
Dungeon (15/15)            Temple (0/1) D:5            Lair (5/5) D:11
  Swamp (4/4) Lair:3       Spider (4/4) Lair:2        Slime (0/5) Lair:5
    Orc (2/2) D:12            Elf (0/3) Orc:2        Vaults (0/5) D:14
 Depths (0/4) D:15          IceCv (visited)         Gauntlet (visited)

Altars:
Ashenzari
Dithmenos
Elyvilon
Hepliaklqana
Nemelex Xobeh
Uskayaw
Wu Jian
Xom
Yredelemnul
Jiyva

Shops:
D:13 (   Orc:2 ?=(:

Annotations:
D:6 exclusion: vampire
Spider:4 Bai Suzhen


Innate Abilities, Weirdness & Mutations

You have a pair of horns on your head.
You reflexively headbutt those who attack you in melee.


Message History

Bai Suzhen is heavily wounded.
You are standing in a thunderstorm.
The five-headed hydra is no longer berserk.
The five-headed hydra disappears in a puff of smoke!
You block the culicivora's attack. You block the tarantella's attack.
You hit Bai Suzhen but do no damage.
Bai Suzhen is heavily wounded.
You are standing in a thunderstorm.
You block the wolf spider's attack. x2
You block Bai Suzhen's attack. x2
Bai Suzhen tramples you but does no damage.
The culicivora closely misses you.
You slice Bai Suzhen!!
You headbutt Bai Suzhen, but do no damage.
Bai Suzhen is severely wounded.
You are standing in a thunderstorm.
You block the wolf spider's attack. x2
You block the tarantella's attack.
You hit Bai Suzhen but do no damage.
You headbutt Bai Suzhen, but do no damage.
Bai Suzhen is severely wounded.
You are standing in a thunderstorm.
You block the wolf spider's attack. x2
You block the culicivora's attack.
The tarantella touches you but does no damage.
Bai Suzhen breathes water at you. The torrent of water hits you!!
* * * LOW HITPOINT WARNING * * *
You are knocked back by the torrent of water.
You slam into the rock wall!
* * * LOW HITPOINT WARNING * * *
You pick your way through the web.
The wave splashes down.
The wolf spider hits you but does no damage.
The wolf spider bites you!
* * * LOW HITPOINT WARNING * * *
You hear a faint skittering sound. x4; You hear a skittering sound.
You hear a faint skittering sound. x3
You hit Bai Suzhen but do no damage.
Bai Suzhen is severely wounded.
You block the culicivora's attack.
The tarantella splashes around in the water.
The wolf spider hits you!
You die...

#...~# ...~# ...#
#'''# ####'†'####
####..s......##
##..............
#...sss§.......
#....#@DD.....#.
#^.. #^#y..#..#
..# ####...#....
#....#.##...
#..#.##.##..
#:.#..#..#######
##.#..#......#.#
###..##....##.####
....###†..#^..(.


You could see Bai Suzhen (clouds, catching breath), an eight-headed hydra
(summoned), a wolf spider (berserk), a moth of wrath, an orb spider (charged), a
culicivora and a tarantella.

Vanquished Creatures
  Mara (Spider:4)
  Saint Roka (Orc:2)
  Arachne (Spider:3)
  A thorn hunter (Swamp:4)
  Donald (Orc:2)
  Kirke (D:12)
  A fenstrider witch (Swamp:4)
  2 azure jellies
  2 emperor scorpions
  A ghost moth (Spider:3)
  A frost giant (D:15)
  An orc warlord (Orc:2)
  2 broodmothers
  3 eleionomae
  A minotaur (Gauntlet)
  An entropy weaver (Spider:2)
  Azrael (Spider:2)
  2 spark wasps
  A dire elephant (Lair:5)
  2 bunyips (Swamp:3)
  2 shambling mangroves (Swamp:4)
  An ice dragon (Swamp:4)
  A jorogumo (Spider:2)
  An ogre mage (D:15)
  2 radroaches
  Erolcha (D:12)
  7 boulder beetles
  5 vault guards
  2 ghost crabs (Swamp:1)
  18 hydras
  12 two-headed ogres
  6 centaur warriors (D:14)
  2 catoblepae
  4 alligators
  18 death yaks
  Urug (D:10)
  4 orc high priests (Orc:2)
  6 tengu warriors
  A deep elf knight (D:14)
  3 sixfirhies (Gauntlet)
  2 fire crabs
  A sun moth (Spider:4)
  2 goliath frogs
  A skeletal warrior (D:14)
  4 orb spiders
  3 spriggan druids (Swamp:3)
  3 bog bodies
  Pikel (D:7)
  A steelbarb worm (Spider:2)
  2 swamp dragons
  2 wizards
  The ghost of Timinator the Insei, a novice DgTm (D:5)
  A necromancer (D:13)
  2 deep elf pyromancers
  15 wolf spiders
  5 orc knights
  3 orc sorcerers
  4 cyclopes
  Maurice (Orc:1)
  13 elephants (Lair:5)
  5 ugly things
  2 manticores (D:14)
  2 moths of wrath (Spider:2)
  3 ice statues
  2 will-o-the-wisps
  Joseph (D:9)
  4 black mambas
  7 cane toads
  A centaur skeleton (D:13)
  3 torpor snails
  Maggie (D:7)
  4 demonic crawlers
  A gargoyle (D:13)
  2 rime drakes
  4 kobold demonologists
  6 komodo dragons
  An ice devil (Lair:3)
  3 yaktaurs (D:13)
  A tengu conjurer (D:14)
  An efreet (D:13)
  3 freezing wraiths (Swamp:4)
  A bloated husk (Swamp:1)
  3 meliai
  A wolf spider simulacrum (D:14)
  11 trolls
  2 polar bears
  5 tyrant leeches
  18 tarantellas
  12 hornets
  16 blink frogs
  21 slime creatures
  24 jumping spiders
  10 spriggans
  A shadow (D:10)
  3 centaur simulacra
  13 culicivoras
  3 vampires
  A human (D:14)
  A basilisk (Lair:5)
  A wyvern (Lair:5)
  47 yaks
  4 wraiths
  A steam dragon (D:9)
  5 swamp worm simulacra (Swamp:4)
  4 hogs (D:12)
  5 vampire mosquitoes
  12 wargs
  24 redbacks
  A redback simulacrum (D:13)
  19 swamp worms
  4 hell hounds (Spider:2)
  5 swamp drakes
  An acid dragon (D:8)
  12 hydra simulacra (Swamp:4)
  13 water moccasins
  The ghost of steven32 the Shooter, an amateur SpAM (D:3)
  6 black bears
  A hornet zombie (D:13)
  44 orc warriors
  6 great orb of eyes simulacra (IceCv)
  A sky beast (D:8)
  18 ogres
  8 wolves
  14 centaurs
  4 kobold brigands
  4 necrophages
  A gnoll sergeant (D:12)
  6 bullfrogs
  6 wights
  An oklob sapling (D:5)
  4 killer bees (D:11)
  3 electric eels
  3 howler monkeys (D:13)
  27 orc priests
  A wyvern simulacrum (Gauntlet)
  3 hounds
  Crazy Yiuf (D:3)
  A gnoll bouda (D:7)
  6 iguanas
  21 orc wizards
  4 shapeshifter simulacra (IceCv)
  3 gnolls
  4 adders
  2 river rats (D:11)
  4 white imps
  2 swamp drake simulacra (Swamp:4)
  2 worms (D:4)
  The ghost of da312102 the Sneak, a weakling MiDe (D:5)
  11 dart slugs
  103 orcs
  9 ball pythons
  6 endoplasms
  A giant cockroach (D:3)
  4 goblins
  4 hobgoblins
  4 jackals (D:3)
  A quokka (D:3)
  4 bats (D:3)
  2 frilled lizards
  17 kobolds
  5 rats
  4 briar patches (Lair:1)
940 creatures vanquished.

Vanquished Creatures (collateral kills)
  An azure jelly (IceCv)
  A broodmother (Spider:3)
  An eleionoma (Swamp:1)
  An entropy weaver (Spider:3)
  2 spark wasps
  2 ice dragons (Swamp:4)
  3 hydras
  2 alligators (Swamp:2)
  A deep troll shaman (Lair:5)
  2 death yaks
  2 goliath frogs
  2 pharaoh ants (Spider:4)
  3 orb spiders
  A swamp dragon (Swamp:4)
  2 steelbarb worms
  An orc sorcerer (Orc:2)
  5 wolf spiders
  4 elephants (Lair:5)
  A black mamba (Lair:1)
  5 cane toads
  3 demonic crawlers
  A freezing wraith (Swamp:4)
  A komodo dragon (Lair:1)
  A polar bear (Lair:5)
  An ice devil (Lair:3)
  A tyrant leech (Swamp:1)
  3 meliai
  8 tarantellas
  2 hornets (Swamp:3)
  6 slime creatures (IceCv)
  6 blink frogs
  4 jumping spiders
  7 culicivoras
  13 yaks
  A wyvern (Lair:2)
  6 spriggans
  A basilisk (Lair:1)
  19 redbacks
  A swamp worm (Swamp:4)
  3 water moccasins
  4 hydra simulacra (Swamp:4)
  2 swamp drakes (Swamp:3)
  A great orb of eyes simulacrum (IceCv)
  3 wolves
  3 bullfrogs (Lair:1)
  A swamp drake simulacrum (Swamp:4)
  2 butterflies (Lair:2)
146 creatures vanquished.

Vanquished Creatures (others)
  A bunyip (Swamp:4)
  An azure jelly zombie (Swamp:4)
  4 wolf spider zombies
  A broodmother zombie (Spider:3)
  A goliath frog zombie (Swamp:2)
  An eleionoma zombie (Swamp:4)
  4 death yak zombies (Lair:5)
  2 swamp worm zombies
  7 redback zombies
  3 bloated husks
  A slime creature (IceCv)
  7 culicivora zombies
  7 jumping spider zombies
  6 tarantella zombies
  A meliai zombie (Spider:2)
  8 slime creature zombies (IceCv)
  2 swamp worms (Swamp:4)
  A cane toad zombie (Lair:5)
  2 hell hounds (Spider:2)
  7 elephant zombies (Lair:5)
  2 blink frog zombies
  5 hornet zombies (Swamp:4)
  A swamp dragon zombie (Swamp:4)
  A vampire mosquito zombie (Swamp:1)
  A rime drake zombie (Lair:1)
  A fire crab zombie (Lair:5)
  2 komodo dragon zombies (Lair:1)
  A wyvern zombie (Lair:5)
  2 hell hound zombies (Spider:2)
  3 water moccasin zombies
  A spriggan zombie (Swamp:3)
  8 yak zombies
  A wolf zombie (Lair:5)
  2 bullfrog zombies
  2 black bear zombies
  A swamp drake zombie (Swamp:2)
  4 briar patches
  8 foxfires
  27 fungi
  25 plants
165 creatures vanquished.

Grand Total: 1251 creatures vanquished

Notes
Turn   | Place    | Note
-------+----------+-------------------------------------------
     0 | D:1      | mallonox the Minotaur Berserker began the quest for the
                  | Orb.
     0 | D:1      | Reached XP level 1. HP: 19/19 MP: 0/0
   410 | D:1      | Reached XP level 2. HP: 27/27 MP: 1/1
   780 | D:1      | Found a faded altar of an unknown god.
  1325 | D:3      | Reached XP level 3. HP: 29/35 MP: 2/2
  1513 | D:3      | Reached skill level 5 in Fighting
  1513 | D:3      | Reached ** piety under Trog
  1834 | D:3      | Reached XP level 4. HP: 42/44 MP: 3/3
  1968 | D:3      | Found a transporter.
  1970 | D:3      | Identified the +9 giant spiked club "Voathat" {speed, rElec
                  | rPois rCorr}
  1970 | D:3      | Noticed an ogre
  1971 | D:3      | Found a transporter.
  1971 | D:3      | Noticed steven32's ghost (amateur SpAM)
  2063 | D:3      | Found a runed translucent door.
  2064 | D:3      | Noticed Crazy Yiuf
  2072 | D:3      | Killed Crazy Yiuf
  2597 | D:4      | Reached XP level 5. HP: 26/51 MP: 4/4
  3240 | D:4      | Identified the ring of Juxis {rC+ Will+}
  3559 | D:5      | Entered Level 5 of the Dungeon
  3624 | D:5      | Found a runed translucent gate.
  3625 | D:5      | Found a runed translucent gate.
  3627 | D:5      | Found a runed translucent gate.
  3666 | D:5      | Found a white marble altar of Elyvilon.
  3667 | D:5      | Found a hide-covered altar of Uskayaw.
  3669 | D:5      | Found a shadowy altar of Dithmenos.
  3801 | D:5      | Found a broken altar of Ashenzari.
  3823 | D:5      | Reached skill level 1 in Shields
  3823 | D:5      | Reached XP level 6. HP: 56/60 MP: 5/5
  3851 | D:5      | Reached *** piety under Trog
  4029 | D:5      | Found a staircase to the Ecumenical Temple.
  4122 | D:5      | Noticed da312102's ghost (weakling MiDe)
  4122 | D:5      | Noticed Timinator's ghost (novice DgTm)
  5112 | D:5      | Killed Timinator's ghost
  5113 | D:5      | Reached skill level 5 in Armour
  5113 | D:5      | Reached skill level 2 in Shields
  5113 | D:5      | Reached XP level 7. HP: 68/68 MP: 6/6
  5114 | D:5      | Killed da312102's ghost
  5527 | D:3      | HP: 5/103 [steven32's ghost (3)]
  5544 | D:3      | Killed steven32's ghost
  5545 | D:3      | Reached skill level 5 in Dodging
  5545 | D:3      | Reached skill level 3 in Shields
  5545 | D:3      | Reached XP level 8. HP: 15/75 MP: 7/7
  7055 | D:6      | Found a hazy altar of Hepliaklqana.
  7099 | D:6      | Found a basalt altar of Yredelemnul.
  7651 | D:7      | Noticed Maggie
  7686 | D:6      | Reached skill level 4 in Shields
  7903 | D:7      | Killed Maggie
  7904 | D:7      | Reached skill level 10 in Fighting
  7904 | D:7      | Reached XP level 9. HP: 85/85 MP: 8/8
  8100 | D:7      | Noticed Pikel
  8115 | D:7      | Killed Pikel
  8875 | D:8      | Reached skill level 5 in Shields
  9098 | D:8      | Found a shimmering altar of Xom.
  9380 | D:8      | Reached skill level 5 in Axes
  9469 | D:8      | Found a sparkling altar of Nemelex Xobeh.
  9649 | D:9      | Noticed a kobold demonologist
  9649 | D:9      | Noticed a kobold demonologist
  9653 | D:8      | Noticed a sixfirhy
  9655 | D:8      | Killed a kobold demonologist
  9706 | D:9      | Noticed an orange demon
  9713 | D:8      | Killed a kobold demonologist
  9770 | D:8      | Reached XP level 10. HP: 48/91 MP: 9/9
 10008 | D:9      | Noticed Joseph
 10025 | D:9      | Killed Joseph
 10470 | D:8      | Reached skill level 10 in Armour
 10723 | D:9      | Reached skill level 10 in Axes
 11407 | D:10     | Entered Level 10 of the Dungeon
 11702 | D:10     | Noticed Urug
 11717 | D:10     | Killed Urug
 11956 | D:10     | Reached XP level 11. HP: 99/99 MP: 10/10
 11984 | D:10     | Noticed a two-headed ogre
 11992 | D:10     | Killed a two-headed ogre
 12248 | D:10     | Noticed a two-headed ogre
 12264 | D:10     | Killed a two-headed ogre
 12333 | D:10     | Found an ornate altar of the Wu Jian Council.
 12373 | D:10     | Reached skill level 6 in Shields
 12568 | D:10     | Identified the +5 robe of Experimentation {rCorr Int+10
                  | Dex-4 Stlth+}
 12967 | D:11     | Identified the ring of Fonat {Fly rElec Str+4 Int-4 Slay+4}
 12991 | D:11     | Noticed a two-headed ogre
 13005 | D:11     | Killed a two-headed ogre
 13095 | D:11     | Noticed a death yak
 13126 | D:11     | Killed a death yak
 13138 | D:11     | Noticed a death yak
 13256 | D:11     | Noticed a death yak
 13262 | D:11     | Killed a death yak
 13266 | D:11     | Killed a death yak
 13377 | D:11     | Found a staircase to the Lair.
 13529 | D:11     | Reached **** piety under Trog
 13996 | D:12     | Noticed a boulder beetle
 14312 | D:12     | Killed a boulder beetle
 14519 | D:12     | Noticed a tengu warrior
 14530 | D:12     | Killed a tengu warrior
 14531 | D:12     | Reached skill level 15 in Axes
 14531 | D:12     | Reached XP level 12. HP: 87/106 MP: 11/11
 14866 | D:12     | Found a staircase to the Orcish Mines.
 15265 | D:12     | Noticed Kirke
 15283 | D:12     | Killed Kirke
 15451 | D:12     | Noticed a two-headed ogre
 15459 | D:12     | Killed a two-headed ogre
 15460 | D:12     | Reached skill level 7 in Shields
 15659 | D:12     | Noticed Erolcha
 15666 | D:12     | Killed Erolcha
 15919 | D:13     | Noticed a tengu warrior
 16238 | D:13     | Noticed a tengu warrior
 16497 | D:12     | Killed a tengu warrior
 16498 | D:12     | Killed a tengu warrior
 16997 | D:13     | Noticed a two-headed ogre
 17001 | D:13     | Killed a two-headed ogre
 17121 | D:13     | Noticed a boulder beetle
 17137 | D:13     | Killed a boulder beetle
 17138 | D:13     | Reached skill level 8 in Shields
 17328 | D:13     | Found Miroph's Weapon Shop.
 17591 | D:13     | Noticed a boulder beetle
 17591 | D:13     | Noticed a boulder beetle
 17645 | D:12     | Killed a boulder beetle
 18111 | D:13     | Reached XP level 13. HP: 106/114 MP: 12/12
 18133 | D:13     | Reached skill level 1 in Long Blades
 18213 | D:13     | Reached skill level 9 in Shields
 21320 | D:14     | Reached skill level 5 in Long Blades
 21320 | D:14     | Reached skill level 10 in Dodging
 21320 | D:14     | Reached skill level 10 in Shields
 23424 | D:14     | Found a gate to the Vaults.
 23444 | D:14     | Reached skill level 11 in Shields
 23764 | D:14     | Reached XP level 14. HP: 89/126 MP: 13/13
 23961 | D:15     | Entered Level 15 of the Dungeon
 24251 | D:15     | Reached skill level 12 in Shields
 24977 | D:15     | Reached skill level 15 in Armour
 25020 | D:15     | Found a staircase to the Depths.
 25020 | D:15     | Noticed a frost giant
 25029 | D:15     | Killed a frost giant
 25227 | Orc:1    | Entered Level 1 of the Orcish Mines
 25263 | Orc:1    | Reached skill level 13 in Shields
 25596 | Orc:1    | Noticed Maurice
 25618 | Orc:1    | Killed Maurice
 25720 | Orc:2    | Entered Level 2 of the Orcish Mines
 25986 | Orc:2    | Reached ***** piety under Trog
 26162 | Orc:2    | Received a gift from Trog
 26455 | Orc:2    | Found Kobiff Okigu's Magic Scroll Boutique.
 26685 | Orc:2    | Found Finluwk's Jewellery Shop.
 26691 | Orc:2    | Reached skill level 14 in Shields
 26983 | Orc:2    | Noticed Saint Roka
 27588 | Orc:2    | Killed Saint Roka
 27959 | Orc:2    | Noticed Donald
 27965 | Orc:2    | Killed Donald
 28091 | Orc:2    | Found a staircase to the Elven Halls.
 28155 | Orc:2    | Paralysed by an orc sorcerer for 3 turns
 28273 | Orc:2    | Found Voiwox's Weapon Shoppe.
 28461 | Orc:2    | Noticed an orc warlord
 28498 | Orc:2    | Killed an orc warlord
 28499 | Orc:2    | Reached skill level 15 in Shields
 28766 | Orc:2    | Found Qyxzuc's Book Emporium.
 29132 | Orc:2    | Reached XP level 15. HP: 78/136 MP: 14/14
 29853 | Orc:2    | Bought the +9 sword of Zonguldrok {reap} for 880 gold
                  | pieces
 29853 | Orc:2    | Found the +9 sword of Zonguldrok {reap}
 29982 | Lair:1   | Entered Level 1 of the Lair of Beasts
 30008 | Lair:1   | Found a transporter.
 30024 | Lair:1   | Found a transporter.
 30090 | Lair:1   | Identified the amulet of the Devil's Advocate {Reflect
                  | rC+++ Regen+ Str-3 Slay-3 SH+5}
 30315 | Lair:1   | Identified the +1 cloak of the Abyss {rF+ Str+4 Dex+3}
 30875 | Lair:1   | HP: 5/136 [poison (dark miasma)]
 30896 | Lair:1   | Identified the ring "Yxusm" {rElec rN++ Str+6 Dex+4 Slay-4}
 30903 | Lair:1   | Identified the +3 pair of gloves of the Baker {Dex+3}
 31402 | Lair:2   | Found a hole to the Spider Nest.
 31473 | Lair:2   | Received a gift from Trog
 31570 | Lair:2   | Reached skill level 16 in Shields
 32302 | Lair:3   | Identified the +0 ring mail of Baldness {Will+ Dex+4 SInv
                  | Stlth+}
 32383 | Lair:3   | Found a frozen archway.
 32417 | IceCv    | Entered an ice cave
 32486 | IceCv    | Found the +2 Maxwell's thermic engine {flame, freeze}
 32734 | IceCv    | Noticed an azure jelly
 32736 | IceCv    | Found a viscous altar of Jiyva.
 32736 | IceCv    | Noticed an azure jelly
 32744 | IceCv    | Killed an azure jelly
 32749 | IceCv    | Killed an azure jelly
 32778 | IceCv    | Identified the +0 cloak of Darkness {rElec}
 33378 | Lair:3   | Found a staircase to the Swamp.
 33386 | Lair:3   | Reached skill level 10 in Long Blades
 33395 | Lair:3   | Received a gift from Trog
 33531 | Lair:4   | Found a gate leading to a gauntlet.
 33552 | Gauntlet | Entered a Gauntlet
 33552 | Gauntlet | Found a transporter.
 33552 | Gauntlet | Found a runed translucent door.
 33552 | Gauntlet | Found a transporter.
 33553 | Gauntlet | Found a runed translucent door.
 33565 | Gauntlet | Found a transporter.
 33583 | Gauntlet | Found a transporter.
 33583 | Gauntlet | Found a transporter.
 33583 | Gauntlet | Found a transporter.
 33586 | Gauntlet | Found a transporter.
 33586 | Gauntlet | Found a transporter.
 33598 | Gauntlet | Found a transporter.
 33616 | Gauntlet | Found a transporter.
 33626 | Gauntlet | Found a transporter.
 33641 | Gauntlet | Found a transporter.
 33661 | Gauntlet | Found a transporter.
 33674 | Gauntlet | Found a transporter.
 33928 | Gauntlet | Identified the +2 cloak "Maonuu" {+Blink rN+}
 34490 | Lair:4   | Identified the +0 robe "Muynolo" {Rampage rElec Str-5
                  | Stlth+}
 34769 | Lair:5   | Entered Level 5 of the Lair of Beasts
 34790 | Lair:5   | Reached XP level 16. HP: 136/146 MP: 15/15
 34896 | Lair:5   | Reached skill level 17 in Shields
 35064 | Lair:5   | Received a gift from Trog
 35992 | Lair:5   | Found a staircase to the Slime Pits.
 35998 | Lair:5   | Found a viscous altar of Jiyva.
 36214 | Swamp:1  | Entered Level 1 of the Swamp
 36931 | Swamp:2  | Received a gift from Trog
 36967 | Swamp:2  | Reached skill level 18 in Shields
 37434 | Swamp:3  | Reached skill level 15 in Long Blades
 37814 | Swamp:3  | Reached XP level 17. HP: 154/154 MP: 16/16
 38234 | Swamp:4  | Entered Level 4 of the Swamp
 38393 | Swamp:4  | Reached skill level 15 in Fighting
 38510 | Swamp:4  | Received a gift from Trog
 38942 | Swamp:4  | Got a decaying rune of Zot
 39081 | Spider:1 | Entered Level 1 of the Spider Nest
 39112 | Spider:1 | Reached skill level 19 in Shields
 39196 | Spider:1 | Received a gift from Trog
 39440 | Spider:1 | Identified 2 scrolls of acquirement
 39947 | Spider:2 | Noticed Azrael
 39959 | Spider:2 | Killed Azrael
 40450 | Spider:2 | Reached skill level 20 in Shields
 40622 | Spider:3 | Noticed Arachne
 40927 | Spider:3 | Killed Arachne
 41161 | Spider:3 | Received a gift from Trog
 41224 | Spider:3 | Reached XP level 18. HP: 139/168 MP: 17/17
 41870 | Spider:4 | Entered Level 4 of the Spider Nest
 41875 | Spider:4 | Reached ****** piety under Trog
 42112 | Spider:4 | Noticed Mara
 42130 | Spider:4 | Noticed mallonox's illusion
 42192 | Spider:4 | Killed Mara
 42263 | Spider:4 | Reached skill level 21 in Shields
 42566 | Spider:4 | Noticed Bai Suzhen
 42587 | Spider:4 | HP: 4/253 [wolf spider (14)]
 42588 | Spider:4 | Mangled by a wolf spider

Illustrated notes

Levels and vault maps discovered:
D:1:      dpeg_arrival_arbitrary_a, layout_loops_ring,
          hellmonk_ecumenical_altar_prayer_group
D:2:      layout_rooms, nicolae_kite_square_tiling_tiny
D:3:      minmay_octagon_keep, layout_rooms, gammafunk_ghost_smash,
          minmay_misc_feat_diagonals, uniq_crazy_yiuf_cottage
D:4:      kennysheep_slugbush, layout_loops_cross, cheibrodos_sewer_entry_bend
D:5:      layout_basic, lemuel_round_altar, gammafunk_temple_overflow_forgotten,
          minmay_temple_entry_oklob, gammafunk_ghost_cemetery
D:6:      layout_gridville, mainiacjoe_overflow_alcove_1,
          mainiacjoe_overflow_small_starburst, lightli_corner_chamber
D:7:      layout_rooms, dk_rats_in_the_wall, uniq_maggie, uniq_pikel
D:8:      layout_loops_corners, mainiacjoe_overflow_chevrons,
          mainiacjoe_overflow_surrounded_room
D:9:      layout_long_grid, st_stairs_14, uniq_joseph
D:10:     layout_irregular_city, nzn_wu_jian_contemplation, serial_column_ruins,
          column_ruins_open_tiny_water, column_ruins_corridor_dead_end,
          column_ruins_open_small, column_ruins_corridor_straight,
          column_ruins_open_small, reono_crystal_passage, uniq_urug
D:11:     layout_roguey, dpeg_lair_monsters, serial_corexii_hall,
          corexii_hall_statues_x, corexii_hall_statues_x
D:12:     layout_layer_cave, david_orc_3, minmay_misc_feat_room, minmay_between,
          uniq_kirke, uniq_erolcha
D:13:     layout_basic, serial_shops, shop, einodemon_crawler_minivault
D:14:     wad_guarded_room, layout_basic, grunt_vaults_entry_fortified,
          chequers_serial_rivers_small_a
D:15:     grunt_enter_depths_snipers, layout_stronghold,
          hangedman_abyss_or_decor_stagger
Lair:1:   gammafunk_worm_tunnel, layout_cellular_growth, serial_bayou_shore_b,
          lemuel_fruit_tree
Lair:2:   layout_roguey, dummy_spider_entry, infiniplex_staircase_pool,
          lemuel_fruit_fields
Lair:3:   layout_cellular_growth, minmay_swamp_entry_worms,
          portal_ice_cave_demonic_guard, beast_lair_carwin_4,
          lemuel_fruit_fields
Lair:4:   layout_roguey, gauntlet_entry_generic, grunt_megastairs_3
Lair:5:   grunt_lair_end_beastmaster, layout_regular_city, slime_entry_1,
          chequers_serial_rivers_micro_a, chequers_serial_rivers_small_a
Swamp:1:  layout_basic_swamp, serial_swamp_ruin, evilmike_swamp_ruin_house_2,
          evilmike_swamp_ruin_house_1
Swamp:2:  layout_basic_swamp, nicolae_swamp_ascending_descending_big,
          swamp_pool5
Swamp:3:  nicolae_swamp_secret_spriggan_hideout, layout_basic_swamp,
          evilmike_swamp_ruin_wall, swamp_pool5
Swamp:4:  swamp_icy, layout_basic_swamp, nicolae_swamp_baby_hydras
Spider:1: layout_spider_delve
Spider:2: layout_spider_delve, uniq_azrael
Spider:3: nicolae_spider_jumping_over_cracks
          [nicolae_spider_jumping_sub_shuffled,
          nicolae_spider_jumping_sub_lanes, nicolae_spider_jumping_sub_stairs,
          nicolae_spider_jumping_sub_notch], uniq_arachne
Spider:4: spider_rune_water, nicolae_spider_spiderdrome, uniq_mara,
          uniq_bai_suzhen
Orc:1:    layout_diamond_mine, uniq_maurice
Orc:2:    pubby_orc_utopia, uniq_saint_roka, uniq_donald

Skill      XL: |  1  2  3  4  5  6  7  8  9 10 11 12 13 14 15 16 17 18 |
---------------+-------------------------------------------------------+-----
Fighting       | 4 5 6 7 8 10 12 13 14 16 17 | 17.0
Armour         | 3 5 6 8 9 10 11 13 14 15 16 17 | 17.4
Dodging        | 3 4 5 6 7 9 10 | 10.9
Shields        | 1 2 3 4 5 6 8 11 15 16 18 20 21 | 21.2
Axes           | 7 11 15 | 15.8
Long Blades    | 5 11 15 16 | 16.0
Polearms       | |  3.6

Action                   |  1- 3 |  4- 6 |  7- 9 | 10-12 | 13-15 | 16-18 || total
-------------------------+-------+-------+-------+-------+-------+-------++-------
Melee: Spear             |   106 |   173 |   185 |       |       |       ||   464
       Headbutt          |    19 |    21 |    45 |    96 |   336 |   324 ||   841
       Punch             |     3 |       |     2 |     4 |       |       ||     9
       War axe           |       |       |    82 |   411 |   786 |       ||  1279
       Scimitar          |       |       |       |       |    60 |       ||    60
       Double sword      |       |       |       |       |   443 |  1196 ||  1639
Invok: Berserk           |     1 |     3 |     9 |    15 |    20 |     7 ||    55
       Trog's Hand       |       |     1 |     6 |     4 |     9 |     7 ||    27
       Brothers in Arms  |       |       |       |       |     2 |     3 ||     5
  Use: Potion            |       |       |     2 |       |     5 |     2 ||     9
       Scroll            |       |       |       |    13 |     8 |     5 ||    26
 Stab: Sleeping          |     1 |       |       |       |       |       ||     1
       Distracted        |       |       |       |       |     4 |    23 ||    27
       Petrified         |       |       |       |       |       |     3 ||     3
       Confused          |       |       |       |       |       |     1 ||     1
Armor: Animal skin       |     9 |    11 |       |       |       |       ||    20
       Scale mail        |       |    39 |   108 |   143 |   100 |       ||   390
       Steam dragon scal |       |       |     1 |       |       |       ||     1
       Chain mail        |       |       |       |       |    18 |       ||    18
       Plate armour      |       |       |       |       |   305 |   684 ||   989
Dodge: Dodged            |    50 |    54 |   103 |   189 |   352 |   477 ||  1225
Block: Other             |       |    21 |    55 |    64 |       |       ||   140
       Reflection        |       |     5 |     1 |    13 |    64 |    23 ||   106
       Buckler           |       |       |       |    56 |   147 |       ||   203
       Tower shield      |       |       |       |       |  1269 |  1857 ||  3126
